AoeStats
← RedPhosphoru

Golden Pit

509758149Analyzed
1v1 RM · 4d ago on Sep 27, 2026· 45m 45s· 2 players
Game mode
Random Map
Map size
Tiny (2 player)
Population
200
Speed
Normal
Resources
Standard
Victory
Conquest
Starting age
Dark Age
Ending age
Imperial Age
RankedLock teamsTeams togetherTeam positionsShared explorationLock speedFull tech treeHidden civsTurbo modeCheats
Victory
Defeat
🇦🇷 Italians · Argentina
2111
+25
🇺🇸 Wu · United States
2321
-25
AKD
6:20 Loom
10:07 Feudal Age
10:41 Double-Bit Axe
12:32 Horse Collar
12:57 Fletching
20:46 Castle Age
19:17 Horse Collar
21:23 Bodkin Arrow
20:49 Crossbowman
23:58 Ballistics
24:55 Padded Archer Armor
35:51 Wheelbarrow
38:05 Imperial Age
35:05 Elite Skirmisher
37:53 Leather Archer Armor
38:13 Hand Cart
38:52 Bracer
39:05 Scale Barding Armor
39:10 Forging
40:49 Chemistry
39:29 Light Cavalry
40:24 Bloodlines
40:39 Conscription
41:13 Chain Barding Armor
42:22 Ring Archer Armor
42:41 Heavy Plow
45:32 Thumb Ring
RedPhosphoru
10:19 Loom
13:56 Feudal Age
18:55 Castle Age
18:40 Double-Bit Axe
21:00 Fletching
21:45 Bodkin Arrow
27:45 Town Watch
28:20 Gold Mining
29:55 Red Cliffs Tactics
32:30 Padded Archer Armor
34:50 Wheelbarrow
38:43 Imperial Age
39:33 Wheelbarrow
39:58 Wheelbarrow
39:31 Bracer
40:56 Chemistry
40:21 Ballistics
43:20 Elite Fire Archer
Connection lost

Rejoining the realm…

Still unreachable

The connection could not be restored.

Session expired

The server has moved on; the page needs a fresh start.